 Dungeon Crawl Stone Soup version 0.28-a0-261-gc0b50483a2 (webtiles) character file.

Game seed: 17131017076481805228

31211 Colgate the Eclecticist (level 13, -1/150 HPs)
             Began as a Red Draconian Wanderer on Aug 27, 2021.
             Was an Elder of Jiyva.
             Succumbed to a cane toad's poison
             ... on level 6 of the Lair of Beasts.
             The game lasted 02:42:11 (17845 turns).

Colgate the Eclecticist (Red Draconian Wanderer)   Turns: 17845, Time: 02:42:12

Health: -1/150     AC: 22    Str:  8    XL:     13   Next: 24%
Magic:  0/41       EV: 12    Int: 26    God:    Jiyva [****..]
Gold:   172        SH:  0    Dex:  9    Spells: 20/42 levels left

rFire   + . .      SeeInvis .   a - +1 battleaxe (vamp)
rCold   + . .      Faith    .   (shield currently unavailable)
rNeg    . . .      Spirit   +   (armour unavailable)
rPois   .          Reflect  .   p - +2 hat
rElec   .          Harm     .   (no cloak)
rCorr   +          Rampage  .   (no gloves)
Will    .....                   j - +1 pair of boots
Stlth   ..........              l - amulet of guardian spirit
HPRegen 0.35/turn               w - ring of magical power
MPRegen 0.27/turn               x - ring of protection from cold

@: berserking (expiring), lethally poisoned (-1 -> -31), ice-armoured, very
slightly contaminated, studying Translocations, very quick
A: breathe fire, AC +8, unfitting armour, fire resistance 1, cold-blooded,
talons 1, camouflage 1, mutation resistance 1, robust 1, wild magic 1,
MP-powered wands
a: Breathe Fire, Renounce Religion, Request Jelly, Slimify


You were on level 6 of the Lair of Beasts.
You worshipped Jiyva.
Jiyva was greatly pleased with you.
You visited 2 branches of the dungeon, and saw 17 of its levels.

You collected 536 gold pieces.
You spent 364 gold pieces at shops.

Inventory:

Hand Weapons
 a - a +1 vampiric battleaxe (weapon)
 b - a +1 vorpal arbalest
 i - a +0 shortbow
Missiles
 c - 245 stones
 d - 156 arrows
 e - 77 sling bullets
 f - 70 bolts
 k - 35 poisoned darts
 z - 4 curare-tipped darts
Armour
 j - a +1 pair of boots (worn)
 p - a +2 hat (worn)
Jewellery
 l - an amulet of guardian spirit (around neck)
 o - a ring of see invisible
 w - a ring of magical power (left hand)
 x - a ring of protection from cold (right hand)
Wands
 t - a wand of mindburst (4) (quivered)
 B - a wand of flame (69)
Scrolls
 h - a scroll of identify
 n - 3 scrolls of noise
 q - 3 scrolls of teleportation
Potions
 g - a potion of berserk rage
 m - 2 potions of curing
 r - a potion of might
 s - a potion of brilliance


   Skills:
 - Level 2.1 Fighting
 - Level 2.0 Short Blades
 + Level 4.1(4.4) Axes
 - Level 2.0(3.3) Polearms
 - Level 2.2 Crossbows
 - Level 1.0 Throwing
 - Level 3.1 Dodging
 - Level 2.2 Stealth
 - Level 15.0 Spellcasting
 - Level 2.1 Conjurations
 - Level 1.0 Summonings
 - Level 2.0 Necromancy
 - Level 2.1 Transmutations
 - Level 4.1 Fire Magic
 - Level 8.0 Ice Magic
 - Level 4.5 Air Magic
 - Level 6.4 Poison Magic
 - Level 1.0 Evocations


You had 20 spell levels left.
You knew the following spells:

 Your Spells              Type           Power      Damage    Failure   Level
a - Freeze                Ice            100%       1d11      1%          1
b - Corpse Rot            Necr/Air       N/A        N/A       2%          2
c - Ozocubu's Armour      Ice            68%        N/A       1%          3
d - Poisonous Vapours     Pois/Air       100%       N/A       1%          2
e - Animate Skeleton      Necr           76%        N/A       2%          1
f - Passwall              Tmut/Erth      26%        N/A       4%          2
g - Apportation           Tloc           50%        N/A       4%          1
h - Olgreb's Toxic Radia  Pois           62%        N/A       3%          4
i - Mephitic Cloud        Conj/Pois/Air  53%        N/A       2%          3
j - Ignite Poison         Fire/Tmut/Pois 52%        N/A       3%          3

Your spell library contained the following spells:

 Spells                   Type           Power      Damage    Failure   Level
 Sting                    Tmut/Pois      100%       1d8       1%          1
 Summon Small Mammal      Summ           100%       N/A       3%          1
 Corona                   Hex            27%        N/A       4%          1
 Sandblast                Erth           50%        2d12      4%          1
 Bolt of Magma            Conj/Fire/Erth 19%        4d10      41%         5
 Lee's Rapid Deconstruct  Erth           12%        3d10*     67%         5


Dungeon Overview and Level Annotations

Branches:
Dungeon (13/15)            Temple (0/1) D:7            Lair (3/6) D:11
 Spider (0/4) Lair:2          Orc (0/2) D:11
  Swamp: Lair:2-4    Shoals: Lair:2-4    Vaults: D:13-14

Altars:
Kikubaaqudgha
Nemelex Xobeh
Ru
Sif Muna
Xom
The Shining One
Jiyva

Shops:
D:5 :   D:8 *[

Portals:
Trove: D:11 (give 7 scrolls of blinking)

Annotations:
Lair:2 2 transporters


Innate Abilities, Weirdness & Mutations

You can breathe blasts of fire.
Your fiery red scales are hard. (AC +8)
You cannot fit into any form of body armour.
Your flesh is heat resistant. (rF+)
You are cold-blooded and may be slowed by cold attacks.
You have sharp toenails.
Your skin changes colour to match your surroundings (Stealth+).
You are somewhat resistant to further mutation.
You are robust. (+10% HP)
Your spells are a little harder to cast, but a little more powerful.
You expend magic power (3 MP) to strengthen your wands.


Message History

The blink frog barely misses you.
The death yak gores you but does no damage.
You barely miss the cane toad.
The cane toad is almost dead.
You slash the death yak!
You feel better.
You kill the death yak!
You barely miss the death yak. You slash the death yak!
You feel better.
You hit the death yak. You miss the blink frog.
You feel sick. The blink frog hits you!
* * * LOW HITPOINT WARNING * * *
The cane toad closely misses you. The death yak gores you.
* * * LOW HITPOINT WARNING * * *
The death yak gores you.
* * * LOW HITPOINT WARNING * * *
The death yak gores you.
* * * LOW HITPOINT WARNING * * *
Your Axes skill increases to level 4!
You slash the death yak!
You feel better.
The death yak is almost dead.
You miss the blink frog. You closely miss the cane toad.
You slash the elephant!
You feel better.
You slash the death yak!
You feel better.
You barely miss the death yak.
You feel sick. The blink frog barely misses you.
The blink frog blinks!
The cane toad stings you!
* * * LOW HITPOINT WARNING * * *
You are lethally poisoned!
The cane toad poisons you!
The elephant tramples you but does no damage.
The elephant trunk-slaps you.
* * * LOW HITPOINT WARNING * * *
The death yak barely misses you.
The death yak gores you but does no damage.
The jelly misses the blink frog.
The death yak barely misses you.
The blink frog blinks! x2
You are too berserk!
You slash the death yak!
You kill the death yak!
You barely miss the death yak. x2; You hit the elephant.
You barely miss the cane toad.
You die...

....# #####.. #..#.
.#..... #....#.......
###........†...
#.#.P.#....$.....
#.##...P....YY......
...#.....##.#§F......
...........#.J@Yk.....
..........###†YY...F..
...........##§FF...F..
...#......#.#........
?..........##P...§...
.#......†##........
#.......#.........
#......#..........
#.................


You could see 2 death yaks, 3 elephants, 3 cane toads, 2 blink frogs, a rime
drake and a neutral jelly (wandering) (fellow slime).

Vanquished Creatures
  Rupert (Lair:3)
  Gastronok (Lair:2)
  5 hydras
  A vault guard (D:11)
  3 two-headed ogres
  4 death yaks (Lair:6)
  A swamp dragon (Lair:2)
  A cyclops (D:12)
  An oklob plant (Lair:1)
  An ugly thing (D:11)
  A manticore (D:12)
  Joseph (D:7)
  2 centaur zombies
  4 cane toads
  Maggie (D:7)
  6 kobold demonologists
  2 unseen horrors (D:11)
  Psyche (D:8)
  4 komodo dragons
  3 rime drakes
  2 trolls
  A polar bear (Lair:3)
  The ghost of fram the Shield-Bearer, an amateur FoFi (D:3)
  A blink frog (Lair:6)
  A meliai zombie (D:10)
  Sigmund (D:6)
  2 redbacks (Lair:2)
  27 yaks
  A wyvern (Lair:1)
  A wraith (D:12)
  A shadow (D:11)
  A vampire (D:8)
  A basilisk (Lair:1)
  7 water moccasins
  3 ice beasts
  A sky beast (D:6)
  A black bear (D:8)
  An orc warrior (D:9)
  2 ogres
  7 centaurs
  2 phantoms
  3 kobold brigands
  2 bullfrogs
  A gnoll sergeant (D:8)
  A wyvern zombie (D:8)
  A scorpion (D:6)
  A water moccasin zombie (D:5)
  16 killer bees
  2 water moccasin skeletons (D:4)
  A howler monkey (D:6)
  6 jellies
  2 centaur skeletons
  2 hounds
  2 orc priests
  A gnoll shaman (D:7)
  2 iguanas
  2 hell rats (Lair:1)
  5 orc wizards
  2 howler monkey skeletons (D:6)
  13 river rats
  An adder (D:6)
  8 gnolls
  A shadow imp (D:7)
  A white imp (D:7)
  4 worms
  2 dart slugs
  16 orcs
  3 ball pythons
  4 bats
  3 bat zombies (D:8)
  3 endoplasms (D:1)
  2 giant cockroaches
  6 goblins
  11 hobgoblins
  5 jackals (D:1)
  4 quokkas
  3 frilled lizards
  20 kobolds
  A quokka skeleton (D:4)
  5 rats
  A rat zombie (D:8)
278 creatures vanquished.

Vanquished Creatures (collateral kills)
  A hydra (D:11)
  A shadow (D:11)
  A wraith (D:12)
  A bullfrog skeleton (D:8)
4 creatures vanquished.

Vanquished Creatures (others)
  3 oklob plants (Lair:1)
  A yaktaur (D:12)
  A slime creature (D:12)
  A wyvern (D:8)
  3 vampire mosquitoes (D:12)
  2 water moccasins (Lair:1)
  A black bear (Lair:1)
  A centaur (D:11)
  3 bullfrogs
  2 killer bees (D:11)
  A centaur skeleton (D:5)
  46 jellies
  2 orc wizards
  A howler monkey zombie (D:9)
  An adder (D:2)
  2 orcs (D:5)
  A bat (D:3)
  2 giant cockroaches
  4 goblins
  3 hobgoblins
  A quokka (D:4)
  3 frilled lizards
  A rat (D:3)
  19 fungi
  23 plants
128 creatures vanquished.

Grand Total: 410 creatures vanquished

Notes
Turn   | Place    | Note
-------+----------+-------------------------------------------
     0 | D:1      | Colgate the Draconian Wanderer began the quest for the Orb.
     0 | D:1      | Colgate set off with the following items: a +2 dagger, 4
                  | curare-tipped darts; and the following spell memorised:
                  | Freeze; and the following spells available to memorise:
                  | Corpse Rot, Poisonous Vapours, Ozocubu's Armour
     0 | D:1      | Reached XP level 1. HP: 17/17 MP: 3/3
   229 | D:1      | Reached skill level 1 in Ice Magic
   364 | D:1      | Reached XP level 2. HP: 24/24 MP: 5/5
   759 | D:1      | Reached skill level 1 in Air Magic
   762 | D:1      | Learned a level 2 spell: Corpse Rot
  1131 | D:1      | Found a faded altar of an unknown god.
  1141 | D:1      | Reached XP level 3. HP: 29/29 MP: 6/6
  1150 | D:1      | Became a worshipper of Jiyva Jewuxakk the Shapeless
  1150 | D:1      | Reached * piety under Jiyva
  1663 | D:2      | Learned a level 3 spell: Ozocubu's Armour
  2273 | D:3      | Found a runed translucent door.
  2279 | D:3      | Noticed fram's ghost (amateur FoFi)
  2363 | D:3      | Reached XP level 4. HP: 36/36 MP: 1/7
  2457 | D:3      | Found a sparkling altar of Nemelex Xobeh.
  2466 | D:3      | Found a shimmering altar of Xom.
  2483 | D:3      | Reached skill level 3 in Spellcasting
  2595 | D:3      | Reached ** piety under Jiyva
  2701 | D:3      | Found a runed translucent door.
  3151 | D:3      | Killed fram's ghost
  3152 | D:3      | Reached XP level 5. HP: 12/41 MP: 0/9
  3152 | D:3      | Reached XP level 6. HP: 14/48 MP: 0/10
  3158 | D:3      | Learned a level 2 spell: Poisonous Vapours
  4588 | D:5      | Entered Level 5 of the Dungeon
  4621 | D:5      | Found a sacrificial altar of Ru.
  4751 | D:5      | Reached skill level 5 in Ice Magic
  4751 | D:5      | Your scales start taking on a fiery red colour.
  4751 | D:5      | Reached XP level 7. HP: 40/55 MP: 3/11
  4751 | D:5      | Gained mutation: Your flesh is heat resistant. (rF+) [Red
                  | Draconian growth]
  5041 | D:5      | Found Jowariutz's Book Shoppe.
  5672 | D:6      | Reached skill level 1 in Poison Magic
  5964 | D:6      | Learned a level 1 spell: Animate Skeleton
  5966 | D:6      | Learned a level 1 spell: Corona
  6083 | D:1      | Learned a level 1 spell: Apportation
  6265 | D:6      | Reached skill level 5 in Ice Magic
  6292 | D:6      | Noticed Sigmund
  6299 | D:6      | Killed Sigmund
  6300 | D:6      | Reached XP level 8. HP: 57/61 MP: 7/12
  6960 | D:7      | Found a glowing golden altar of the Shining One.
  6974 | D:7      | Reached skill level 4 in Spellcasting
  7352 | D:7      | Found a staircase to the Ecumenical Temple.
  8125 | D:7      | Noticed Maggie
  8131 | D:7      | Killed Maggie
  8132 | D:7      | Reached XP level 9. HP: 49/67 MP: 14/15
  8277 | D:7      | Noticed Joseph
  8283 | D:7      | Killed Joseph
  8284 | D:7      | Reached skill level 5 in Poison Magic
  8289 | D:7      | Learned a level 4 spell: Olgreb's Toxic Radiance
  8445 | D:7      | Reached *** piety under Jiyva
  8678 | D:8      | Reached skill level 1 in Crossbows
  8710 | D:8      | Reached skill level 1 in Stealth
  9271 | D:8      | Found Enouc's Antique Armour Boutique.
  9297 | D:8      | Gained mutation: Your system is resistant to poisons.
                  | (rPois) [Jiyva's grace]
  9347 | D:8      | Found Muose's Changing Room.
  9423 | D:8      | Noticed Psyche
  9431 | D:8      | Killed Psyche
  9432 | D:8      | Reached skill level 5 in Spellcasting
  9498 | D:8      | Found an ancient bone altar of Kikubaaqudgha.
  9576 | D:8      | Reached skill level 1 in Dodging
  9689 | D:9      | Lost mutation: Your system is resistant to poisons. (rPois)
                  | [potion of mutation]
  9689 | D:9      | Gained mutation: You occasionally shout uncontrollably at
                  | your foes. [potion of mutation]
  9689 | D:9      | Gained mutation: Your tail ends in a poisonous barb.
                  | [potion of mutation]
  9689 | D:9      | Gained mutation: You do not regenerate when monsters are
                  | visible. [potion of mutation]
  9690 | D:9      | Lost mutation: You occasionally shout uncontrollably at
                  | your foes. [potion of mutation]
  9690 | D:9      | Lost mutation: Your tail ends in a poisonous barb. [potion
                  | of mutation]
  9690 | D:9      | Lost mutation: You do not regenerate when monsters are
                  | visible. [potion of mutation]
  9690 | D:9      | Gained mutation: Your skin changes colour to match your
                  | surroundings (Stealth+). [potion of mutation]
  9690 | D:9      | Gained mutation: You are clumsy. (Dex -2) [potion of
                  | mutation]
  9690 | D:9      | Gained mutation: You expend magic power (3 MP) to
                  | strengthen your wands. [potion of mutation]
  9805 | D:9      | Noticed a two-headed ogre
  9828 | D:9      | Killed a two-headed ogre
  9829 | D:9      | Reached skill level 6 in Spellcasting
  9829 | D:9      | Reached XP level 10. HP: 73/73 MP: 19/19
  9968 | D:5      | Bought a Trismegistus Codex for 364 gold pieces
  9972 | D:5      | Learned a level 3 spell: Mephitic Cloud
 10040 | D:9      | Reached **** piety under Jiyva
 10374 | D:10     | Entered Level 10 of the Dungeon
 10381 | D:9      | Learned a level 3 spell: Ignite Poison
 10647 | D:10     | Reached skill level 7 in Spellcasting
 10938 | D:10     | Found a shimmering blue altar of Sif Muna.
 11004 | D:10     | Gained mutation: Your spells are a little harder to cast,
                  | but a little more powerful. [Jiyva's grace]
 11061 | D:10     | Reached skill level 8 in Spellcasting
 11188 | D:10     | Noticed a two-headed ogre
 11192 | D:10     | Killed a two-headed ogre
 11193 | D:10     | Reached skill level 9 in Spellcasting
 11547 | D:10     | Reached XP level 11. HP: 79/79 MP: 21/24
 11743 | D:11     | Found a staircase to the Orcish Mines.
 11769 | D:11     | Noticed a six-headed hydra
 11774 | D:11     | Killed a six-headed hydra
 11781 | D:11     | Reached skill level 1 in Transmutations
 11826 | D:11     | Noticed a white ugly thing
 11829 | D:11     | Killed a white ugly thing
 11836 | D:11     | Reached ***** piety under Jiyva
 11837 | D:11     | Lost mutation: You are clumsy. (Dex -2) [Jiyva's power]
 11924 | D:11     | Gained mutation: You have sharp toenails. [Jiyva's grace]
 11968 | D:11     | Reached skill level 10 in Spellcasting
 11971 | D:11     | Gained mutation: You do not regenerate when monsters are
                  | visible. [a neqoxec]
 11977 | D:11     | Learned a level 2 spell: Passwall
 12167 | D:11     | Found a staircase to the Lair.
 12443 | D:11     | Noticed a vault guard
 12447 | D:11     | Killed a vault guard
 12501 | D:11     | Found a portal to a secret trove of treasure.
 12644 | D:12     | Noticed a five-headed hydra
 12655 | D:12     | Killed a five-headed hydra
 12656 | D:12     | Reached skill level 11 in Spellcasting
 12669 | D:12     | Noticed a two-headed ogre
 12674 | D:12     | Killed a two-headed ogre
 12689 | D:12     | Gained mutation: You are robust. (+10% HP) [Jiyva's grace]
 12824 | D:12     | Lost mutation: You do not regenerate when monsters are
                  | visible. [Jiyva's power]
 12836 | D:12     | Noticed a seven-headed hydra
 12843 | D:12     | Killed a seven-headed hydra
 12844 | D:12     | Reached XP level 12. HP: 67/93 MP: 16/27
 13131 | D:12     | Reached skill level 12 in Spellcasting
 13666 | Lair:1   | Entered Level 1 of the Lair of Beasts
 14169 | Lair:1   | Noticed a four-headed hydra
 14180 | Lair:1   | Killed a four-headed hydra
 14352 | Lair:1   | Noticed a seven-headed hydra
 14389 | Lair:1   | Gained mutation: You are somewhat resistant to further
                  | mutation. [Jiyva's grace]
 14679 | Lair:1   | Reached skill level 13 in Spellcasting
 14979 | Lair:1   | Killed a seven-headed hydra
 15051 | Lair:2   | Noticed Gastronok
 15079 | Lair:2   | Killed Gastronok
 15698 | Lair:2   | Reached skill level 14 in Spellcasting
 15883 | Lair:2   | Found a transporter.
 15988 | Lair:2   | Found a transporter.
 15995 | Lair:2   | Noticed a rakshasa
 16002 | Lair:2   | Found the +8 demon trident "Rift" {distort, reach+}
 16175 | Lair:2   | Noticed an eight-headed hydra
 16182 | Lair:2   | Killed an eight-headed hydra
 16497 | Lair:2   | Found a hole to the Spider Nest.
 17308 | Lair:3   | Noticed Rupert
 17317 | Lair:3   | Killed Rupert
 17318 | Lair:3   | Reached XP level 13. HP: 100/100 MP: 18/31
 17797 | Lair:3   | Reached skill level 15 in Spellcasting
 17821 | Lair:3   | You fall into a shaft and drop 3 floors!
 17821 | Lair:6   | Entered Level 6 of the Lair of Beasts
 17843 | Lair:6   | HP: 5/150 [death yak (4)]
 17845 | Lair:6   | Succumbed to a cane toad's poison

Illustrated notes

Levels and vault maps discovered:
D:1:      dpeg_arrival_central, layout_loops_corners,
          chequers_ecumenical_altar_simple_redux,
          corexii_item_surrounded_by_moat, amcnicky_mini_pool_small
D:2:      layout_loops_ring
D:3:      layout_basic, mainiacjoe_overflow_catwalk_spiral,
          ebering_ghost_sewer_f
D:4:      layout_basic
D:5:      layout_basic, nicolae_overflow_hidden_temple, serial_shops,
          nicolae_shop_behind_doors
D:6:      layout_rooms, uniq_sigmund
D:7:      layout_basic, amcnicky_altar_gilded, minmay_temple_entry_mist,
          uniq_joseph, uniq_maggie
D:8:      layout_rooms, lemuel_zombie_altar_kikubaaqudgha,
          nicolae_transmutations_shop, minmay_shop_grid_forest,
          blue_anna_alchemist, uniq_psyche
D:9:      layout_rooms, nrook_mini_vaults, uniq_erolcha
D:10:     layout_basic, mainiacjoe_overflow_six_doors_small
D:11:     layout_cave_pools, lair_entry_dummy, enter_trove_5,
          gauntlet_entry_generic, minmay_misc_feat_x
D:12:     layout_long_grid
D:13:     minmay_the_grid_triangle_9x9_rhombus_thin
          [minmay_the_grid_triangle_9x9_swiss_cheese,
          minmay_the_grid_triangle_9x9_prize_special,
          minmay_the_grid_triangle_9x9_longest,
          minmay_the_grid_triangle_9x9_pentomino_pain], layout_basic
Lair:1:   dpeg_oklob_gauntlet, layout_small_grid, kennysheep_rathole
Lair:2:   layout_cave_pods, spider_nest_entry_a, gammafunk_ghost_abyssal_escape,
          hibernation_bobbens, uniq_gastronok
Lair:3:   layout_regular_city, serial_bayou_shore_a, uniq_rupert
Lair:6:   hellmonk_lair_end_abyssal_woods, layout_cave_pods, slime_altar_1,
          serial_bayou_pond_d, columned_hall_lemuel

Skill      XL: |  1  2  3  4  5  6  7  8  9 10 11 12 13 |
---------------+----------------------------------------+-----
Ice Magic      | 1 2 3 4 5 7 8 |  8.0
Air Magic      | 1 4 |  4.5
Spellcasting   | 3 4 6 9 11 14 15 | 15.0
Short Blades   | 2 |  2.0
Poison Magic   | 1 3 5 6 |  6.4
Polearms       | 2 |  2.0
Crossbows      | 2 |  2.2
Stealth        | 2 |  2.2
Dodging        | 1 2 3 |  3.1
Fire Magic     | 2 4 |  4.1
Transmutations | 2 |  2.1
Conjurations   | 2 |  2.1
Axes           | 4 |  4.1
Fighting       | |  2.1
Throwing       | |  1.0
Summonings     | |  1.0
Necromancy     | |  2.0
Evocations     | |  1.0

Action                   |  1- 3 |  4- 6 |  7- 9 | 10-12 | 13-15 || total
-------------------------+-------+-------+-------+-------+-------++-------
Melee: Dagger            |    70 |   126 |     5 |       |       ||   201
       Tailslap          |     3 |    16 |     4 |     5 |     2 ||    30
       Scythe            |       |       |     9 |       |       ||     9
       Short sword       |       |       |    45 |    54 |       ||    99
       Arbalest          |       |       |       |     1 |       ||     1
       Battleaxe         |       |       |       |       |    17 ||    17
 Fire: Arbalest          |       |       |    22 |    49 |     1 ||    72
Throw: Dart              |    23 |     9 |       |       |       ||    32
       Stone             |    58 |    11 |     1 |       |       ||    70
 Cast: Freeze            |    45 |    24 |     7 |    14 |       ||    90
       Ozocubu's Armour  |     1 |     8 |     8 |    12 |     2 ||    31
       Poisonous Vapours |       |    16 |    49 |    56 |       ||   121
       Corona            |       |       |     2 |       |       ||     2
       Apportation       |       |       |     1 |       |       ||     1
       Animate Skeleton  |       |       |    23 |    39 |     4 ||    66
       Corpse Rot        |       |       |     3 |     3 |       ||     6
       Olgreb's Toxic Ra |       |       |    10 |    30 |     2 ||    42
       Ignite Poison     |       |       |       |    59 |     3 ||    62
       Mephitic Cloud    |       |       |       |    29 |     2 ||    31
Invok: Cure Bad Mutation |       |       |       |     3 |       ||     3
       Request Jelly     |       |       |       |       |     1 ||     1
 Abil: Breathe Fire      |       |       |    45 |    22 |     3 ||    70
Evoke: Wand              |       |       |    10 |     3 |       ||    13
  Use: Potion            |       |     2 |     2 |     2 |     1 ||     7
       Scroll            |       |       |     5 |     8 |     1 ||    14
 Stab: Sleeping          |       |     1 |       |     1 |       ||     2
       Confused          |       |       |       |     1 |       ||     1
Armor: Skin              |    16 |    46 |    58 |    71 |    18 ||   209
Dodge: Dodged            |    45 |    53 |    87 |    90 |    27 ||   302

Table legend: (Time is in decaauts)
 A = Elapsed time spent in this place.
 B = Non-inter-level travel time spent in this place.
 C = Inter-level travel time spent in this place.
 D = Time resting spent in this place.
 E = Time spent auto-exploring this place.
 F = Levels seen in this place.
 G = Mean time per level.
                   A        B        C        D        E       F      G
               +--------+--------+--------+--------+--------+-----+--------+
         Total |  18071 |  16491 |   1580 |    718 |  13302 |  17 | 1063.0 |
       Dungeon |  14198 |  12837 |   1361 |    530 |  10483 |  13 | 1092.2 |
          Lair |   3873 |   3655 |    218 |    188 |   2818 |   4 |  968.2 |
               +--------+--------+--------+--------+--------+-----+--------+

Top non-repeatable levels by time:
     D:7: 1971 daAuts
  Lair:2: 1816 daAuts
  Lair:1: 1481 daAuts
     D:1: 1422 daAuts
     D:5: 1407 daAuts
     D:3: 1386 daAuts
    D:10: 1235 daAuts
     D:4: 1230 daAuts
     D:6: 1075 daAuts
    D:12: 1029 daAuts
    D:11: 977 daAuts
     D:8: 905 daAuts
     D:2: 809 daAuts
     D:9: 745 daAuts
  Lair:3: 552 daAuts
